 Dungeon Crawl Stone Soup version 0.27-a0-797-g27d10ad80f (webtiles) character file.

Game seed: 17835787974574541629

101 polve the Slasher (level 4, -1/35 HPs)
             Began as a Demonspawn Abyssal Knight on Mar 27, 2021.
             Was a Believer of Lugonu.
             Slain by a gnoll
             ... wielding a +0 halberd
              (11 damage)
             ... on level 2 of the Dungeon.
             The game lasted 00:01:30 (2201 turns).

polve the Slasher (Demonspawn Abyssal Knight)       Turns: 2201, Time: 00:01:30

Health: -1/35      AC:  7    Str: 13    XL:     4   Next: 48%
Magic:  5/5        EV: 11    Int: 14    God:    Lugonu [**....]
Gold:   102        SH:  4    Dex: 12    Spells: 3/3 levels left

rFire    . . .     SeeInvis .   a - +1 falchion
rCold    . . .     Faith    .   (no shield)
rNeg     . . .     Spirit   .   b - +0 leather armour
rPois    .         Reflect  .   (helmet restricted)
rElec    .         Harm     .   (no cloak)
rCorr    .         Rampage  .   (no gloves)
Will     .....                  (no boots)
Stlth    +.........             (no amulet)
HPRegen  0.11/turn              d - +4 ring of protection
MPRegen  0.09/turn              (no ring)

@: brilliant
A: horns 1, large bone plates 1
a: Renounce Religion, Depart the Abyss, Bend Space


You were on level 2 of the Dungeon.
You worshipped Lugonu.
Lugonu was pleased with you.
You visited 1 branch of the dungeon, and saw 2 of its levels.
You visited the Abyss 1 time.

You collected 102 gold pieces.

Inventory:

Hand Weapons
 a - a +1 falchion (weapon)
Armour
 b - a +0 leather armour (worn)
Jewellery
 d - a +4 ring of protection (left hand)
 h - a ring of resist corrosion
Scrolls
 c - 3 scrolls of identify
 f - a scroll of summoning {unknown}
 g - 2 scrolls of teleportation {unknown}


   Skills:
 - Level 3.0 Fighting
 + Level 4.3 Long Blades
 - Level 1.7 Armour
 - Level 0.8 Dodging
 - Level 2.4 Invocations


You had 3 spell levels left.
You didn't know any spells.
Your spell library was empty.

Dungeon Overview and Level Annotations

Branches:
Dungeon (2/15)

Altars:
The Shining One


Innate Abilities, Weirdness & Mutations

You have a pair of small horns on your head.
You are partially covered in large bone plates. (SH +4)


Message History

You closely miss the frilled lizard. The frilled lizard barely misses you.
You riposte.
You barely miss the frilled lizard.
A frilled lizard is nearby!
A frilled lizard is nearby!
A frilled lizard is nearby!
You hit the frilled lizard.
You kill the frilled lizard!
Lugonu accepts your kill.
Things that are here:
a +0 dagger; a frilled lizard corpse You see here 25 arrows.
You now have 102 gold pieces (gained 4).
h - a ring of resist corrosion You see here 21 bolts.
The gnoll shouts!
A gnoll is nearby!
A gnoll is nearby!
The gnoll hits you from afar with a +0 halberd!
The gnoll hits you with a +0 halberd.
You are too injured to fight recklessly!
You are too injured to fight recklessly!
You are too injured to fight recklessly!
You are too injured to fight recklessly!
You are too injured to fight recklessly!
You are too injured to fight recklessly!
You are too injured to fight recklessly!
You are too injured to fight recklessly!
You are too injured to fight recklessly!
You are too injured to fight recklessly!
You are too injured to fight recklessly!
A gnoll is nearby!
You barely miss the gnoll. The gnoll barely misses you.
You barely miss the gnoll. The gnoll hits you with a +0 halberd.
You barely miss the gnoll. The gnoll hits you with a +0 halberd.
You closely miss the gnoll. The gnoll hits you with a +0 halberd.
* * * LOW HITPOINT WARNING * * *
It was a potion of brilliance.
You feel clever all of a sudden. The gnoll hits you with a +0 halberd!
You die...

#.# #.# #.# #.#
#.# #.# ... ......
#.# #.##.# #.#
#.##.# #g#
##.##.######## #@#
#..##.........
#.###.....########
#.##...##.#
#....#....#
####...#### ##.##
#.# # #.# . #.#


You could see a gnoll.

Vanquished Creatures
  A hound (D:2)
  2 gnolls (D:2)
  A dart slug (D:1)
  4 ball pythons
  3 endoplasms (D:1)
  6 goblins
  2 hobgoblins (D:1)
  12 jackals
  2 quokkas
  A bat (D:1)
  4 frilled lizards
  4 kobolds
  3 rats
45 creatures vanquished.

Vanquished Creatures (others)
  2 starspawn tentacles (Abyss:2)
2 creatures vanquished.

Grand Total: 47 creatures vanquished

Notes
Turn   | Place    | Note
-------+----------+-------------------------------------------
     0 | Abyss:1  | polve the Demonspawn Abyssal Knight began the quest for the
                  | Orb.
     0 | Abyss:1  | Reached XP level 1. HP: 18/18 MP: 2/2
    16 | Abyss:2  | Noticed a tentacled starspawn
    51 | Abyss:3  | Noticed a crimson imp
    61 | Abyss:3  | Noticed a tentacled starspawn
    68 | D:1      | Escaped the Abyss
   132 | D:1      | Reached skill level 2 in Long Blades
   306 | D:1      | Gained mutation: You are partially covered in large bone
                  | plates. (SH +4) [demonic ancestry]
   306 | D:1      | Reached XP level 2. HP: 14/24 MP: 3/3
   440 | D:1      | Reached * piety under Lugonu
   882 | D:1      | Reached skill level 3 in Long Blades
   931 | D:1      | Reached XP level 3. HP: 27/29 MP: 4/4
  1980 | D:2      | Reached skill level 4 in Long Blades
  1980 | D:2      | Gained mutation: You have a pair of small horns on your
                  | head. [demonic ancestry]
  1980 | D:2      | Reached XP level 4. HP: 31/35 MP: 5/5
  2029 | D:2      | Reached ** piety under Lugonu
  2201 | D:2      | Slain by a gnoll

Illustrated notes

Levels and vault maps discovered:
D:1:      nzn_arrival_water_spiral, layout_loops_corners
D:2:      layout_loops_ring, nicolae_overflow_crystal_walls

Skill      XL: |  1  2  3 |
---------------+----------+-----
Long Blades    | 2 3 4 |  4.3
Fighting       | |  3.0
Armour         | |  1.7
Dodging        | |  0.8
Invocations    | |  2.4

Action                   |  1- 3 |  4- 6 || total
-------------------------+-------+-------++-------
Melee: Falchion          |   120 |    24 ||   144
       Headbutt          |       |     2 ||     2
Invok: Depart the Abyss  |     1 |       ||     1
  Use: Scroll            |     1 |       ||     1
       Potion            |       |     1 ||     1
 Stab: Sleeping          |     1 |       ||     1
Armor: Leather armour    |    45 |     5 ||    50
Dodge: Dodged            |    78 |    13 ||    91
Block: Other             |    14 |     3 ||    17
       Rpst.: Falchion   |    24 |     5 ||    29

Table legend: (Time is in decaauts)
 A = Elapsed time spent in this place.
 B = Non-inter-level travel time spent in this place.
 C = Inter-level travel time spent in this place.
 D = Time resting spent in this place.
 E = Time spent auto-exploring this place.
 F = Levels seen in this place.
 G = Mean time per level.
                   A        B        C        D        E       F      G
               +--------+--------+--------+--------+--------+-----+--------+
         Total |   2226 |   2188 |     38 |      0 |   1834 |   5 |  445.2 |
       Dungeon |   2158 |   2120 |     38 |      0 |   1803 |   2 | 1079.0 |
         Abyss |     67 |     67 |      0 |      0 |     31 |   3 |   22.3 |
               +--------+--------+--------+--------+--------+-----+--------+

Top non-repeatable levels by time:
     D:1: 1707 daAuts
     D:2: 451 daAuts
 Abyss:3: 36 daAuts
 Abyss:2: 16 daAuts
 Abyss:1: 14 daAuts
